 Dungeon Crawl Stone Soup version 0.31-a0-222-gefeffbb62a (webtiles) character file.

Game seed: 6236913494287547758

541 qw the Shooter (level 7, -1/44 HPs)
             Began as a Gargoyle Hexslinger on July 4, 2023.
             Slain by Edmund
             ... wielding a +3 dire flail of draining
              (5 damage)
             ... on level 5 of the Dungeon.
             The game lasted 00:01:50 (3227 turns).

qw the Shooter (Gargoyle Hexslinger)                Turns: 3227, Time: 00:01:51

Health: -1/44      AC: 11    Str: 11    XL:     7   Next: 26%
Magic:  8/8        EV: 10    Int: 14    God:
Gold:   155        SH:  0    Dex: 14    Spells: 7/8 levels left

rFire   . . .        Y - +3 sling
rCold   . . .        (no shield)
rNeg    + . .        b - +0 ring mail
rPois   inf          (no helmet)
rElec   +            n - +0 cloak
rCorr   .            (no gloves)
SInv    .            (no boots)
Will    .....        i - amulet of regeneration
Stlth   +            (no ring)
HPRegen 1.07/turn    (no ring)
MPRegen 0.11/turn

%: no passive effects
@: no status effects
A: sickness immunity, AC +4, negative energy resistance 1, electricity
resistance, torment resistance 1, petrification resistance
a: no special abilities


You were on level 5 of the Dungeon.
You visited 1 branch of the dungeon, and saw 5 of its levels.
You also visited: Sewer.

You collected 197 gold pieces.
You spent 42 gold pieces at shops.


Innate Abilities, Weirdness & Mutations

You are immune to sickness and miasma.
Your stone body is resilient. (AC +4)
You are immune to poison.
You resist negative energy. (rN+)
You are resistant to electric shocks. (rElec)
You are resistant to unholy torment.
You are immune to petrification.


   Skills:
 - Level 4.3 Fighting
 + Level 6.5 Ranged Weapons
 - Level 1.0 Armour
 - Level 1.5 Dodging
 - Level 1.0 Spellcasting
 - Level 2.6 Hexes


You had 7 spell levels left.
You knew the following spells:

 Your Spells              Type           Power      Damage    Failure   Level
a - Slow                  Hex            32%        N/A       21%         1

Your spell library contained the following spells:

 Spells                   Type           Power      Damage    Failure   Level
 Inner Flame              Hex/Fire       4%         N/A       71%         3
 Portal Projectile        Hex/Tloc       8%         N/A       71%         3
 Cause Fear               Hex            4%         N/A       90%         4

Inventory:

Hand Weapons
 Y - a +3 sling (weapon)
Armour
 b - a +0 ring mail (worn)
 n - a +0 cloak (worn)
Jewellery
 g - a ring of resist corrosion
 i - an amulet of regeneration (around neck)
 m - a ring of willpower
Scrolls
 f - a scroll of identify
Potions
 a - 2 potions of might
 c - a potion of cancellation {unknown}
 d - a potion of mutation {unknown}
 e - a potion of brilliance {unknown}
 h - 8 potions of enlightenment
 j - 2 potions of attraction {unknown}
 k - 2 potions of ambrosia {unknown}
 l - 2 potions of curing

Dungeon Overview and Level Annotations

Branches:
Dungeon (5/15)              Sewer (visited)
 Temple: D:4-7

Altars:
Nemelex Xobeh

Shops:
D:2 =:*

Annotations:
D:5 Edmund


Message History

Edmund is heavily wounded.
Edmund misses you.
You shoot a sling bullet. The sling bullet closely misses Edmund.
Edmund hits you with a +3 dire flail of draining.
You shoot a sling bullet.
The sling bullet hits Edmund but does no damage.
Edmund is heavily wounded.
Edmund asks, "Have you met my wondrous brother?"
Edmund barely misses you.
You shoot a sling bullet. The sling bullet hits Edmund.
Edmund is severely wounded.
Edmund hits you with a +3 dire flail of draining. x2
You shoot a sling bullet. The sling bullet hits Edmund.
Edmund is severely wounded.
Edmund says, "People think my brother is the best.
I think he's crazy."
Edmund barely misses you.
You shoot a sling bullet. The sling bullet hits Edmund.
Edmund is severely wounded.
Edmund says, "Everyone always remembers my brother. 'Who's Edmund?' they ask!"
Edmund hits you but does no damage.
You shoot a sling bullet. The sling bullet barely misses Edmund.
Edmund hits you with a +3 dire flail of draining!
You shoot a sling bullet. The sling bullet hits Edmund.
Edmund is severely wounded.
Edmund says, "Everyone always remembers my brother. 'Who's Edmund?' they ask!"
Edmund hits you but does no damage.
You shoot a sling bullet.
The sling bullet hits Edmund but does no damage.
Edmund is severely wounded.
Edmund grinds his teeth, and then sighs.
Edmund hits you with a +3 dire flail of draining.
Edmund hits you with a +3 dire flail of draining!
You shoot a sling bullet. The sling bullet hits Edmund!
Edmund is almost dead.
Edmund hits you with a +3 dire flail of draining!
You shoot a sling bullet. The sling bullet barely misses Edmund.
Edmund barely misses you.
You shoot a sling bullet. The sling bullet barely misses Edmund.
Edmund hits you with a +3 dire flail of draining.
You die...

##.....# ##......###....##......
#........##.......?...###
..............#.......#.## ##~...
...##....................###~~..~
............#...........(..#~~..~
###....##...#..............#~~...
###..#....###.@..........#~~~..
##>.........@.....##...##~~~.
#.##.....##......#.....##.~.
#######................##..~
#.##..............#...
##.#...........#......
#............##......
##...........##.}.}..
#.............).._...
#.........##....}.}..


You could see Edmund.

Vanquished Creatures
  3 scorpions
  A jelly (D:5)
  A hound (D:4)
  An iguana (D:5)
  2 sleepcaps (D:5)
  8 adders
  4 river rats (Sewer)
  An ufetubus (D:5)
  A worm (D:3)
  2 dart slugs
  4 orcs
  9 endoplasms
  5 giant cockroaches
  5 goblins
  9 hobgoblins
  5 jackals
  5 quokkas
  6 ball pythons
  13 bats
  4 frilled lizards
  9 kobolds
  3 rats
101 creatures vanquished.

Notes
Turn   | Place    | Note
-------+----------+-------------------------------------------
     0 | D:1      | qw the Gargoyle Hexslinger began the quest for the Orb.
     0 | D:1      | Reached XP level 1. HP: 12/12 MP: 2/2
     0 | D:1      | 0 ||| qw: Version: 0.3-a-46-gb1f654a
     0 | D:1      | 0 ||| qw: Game counter: 972
     0 | D:1      | 0 ||| qw: Melee chars always use a shield: true
     0 | D:1      | 0 ||| qw: God list: Okawaru
     0 | D:1      | 0 ||| qw: Allow faded altars: false
     0 | D:1      | 0 ||| qw: Do Orc after clearing Dungeon:15 true
     0 | D:1      | 0 ||| qw: Do second Lair branch before Depths: true
     0 | D:1      | 0 ||| qw: Lair rune preference: random
     0 | D:1      | 0 ||| qw: Goals: Normal
     0 | D:1      | 0 ||| PLANNING D:1-11
   130 | D:1      | Reached XP level 2. HP: 16/16 MP: 3/3
   226 | D:1      | Reached skill level 3 in Ranged Weapons
   307 | D:1      | 307 ||| READING scroll labelled YMIW ESOWEIKK.
   664 | D:1      | Reached XP level 3. HP: 16/21 MP: 4/4
   831 | D:1      | 831 ||| UPGRADING to amulet of regeneration.
   836 | D:1      | 836 ||| READING scroll labelled LANLEO RINE.
   837 | D:1      | 837 ||| READING scroll labelled NEUMUI HODEMOI.
   838 | D:1      | 838 ||| DROPPING scroll of poison.
   987 | D:2      | Found Xohabury's Jewellery Shoppe.
   996 | D:2      | 996 ||| SHOPLISTING amulet of reflection (330 gold, have
                  | 62).
   996 | D:2      | 996 ||| SHOPLISTING ring of protection from fire (275 gold,
                  | have 62).
  1019 | D:2      | Found Ecliloe's Book Boutique.
  1156 | D:2      | Found Neplo's General Store.
  1161 | D:2      | 1161 ||| SHOPLISTING +1 pair of boots of the Harvest {MP+9
                  | Str+4} (613 gold, have 62).
  1161 | D:2      | 1161 ||| SHOPLISTING +2 cloak of preservation (301 gold,
                  | have 62).
  1161 | D:2      | 1161 ||| BUYING potion of curing (42 gold).
  1161 | D:2      | Bought a potion of curing for 42 gold pieces
  1161 | D:2      | 1161 ||| SHOPLISTING scroll of identify (28 gold, have 20).
  1299 | D:2      | 1299 ||| READING scroll labelled WEECOARHIRPH.
  1300 | D:2      | 1300 ||| READING 3 scrolls labelled HETOUTS NOCINN.
  1301 | D:2      | 1301 ||| DRINKING 2 blue potions.
  1302 | D:2      | 1302 ||| READING 2 scrolls of identify.
  1302 | D:2      | 1302 ||| IDENTIFYING lumpy red potion
  1557 | D:3      | Reached XP level 4. HP: 26/26 MP: 5/5
  1590 | D:3      | Reached skill level 4 in Ranged Weapons
  1819 | D:3      | 1819 ||| UPGRADING to +0 ring mail.
  1829 | D:3      | 1829 ||| DROPPING +0 robe.
  1830 | D:3      | 1830 ||| READING scroll labelled BESTAP ADOUBI.
  1831 | D:3      | 1831 ||| DRINKING 2 metallic brown potions.
  1873 | D:3      | 1873 ||| DROPPING potion of lignification.
  1904 | D:4      | 1904 ||| PLANNING SEWER
  1936 | D:4      | Noticed a scorpion
  1939 | D:4      | Reached skill level 1 in Armour
  1947 | D:4      | Killed a scorpion
  1948 | D:4      | Reached XP level 5. HP: 24/30 MP: 6/6
  1981 | D:4      | Reached skill level 5 in Ranged Weapons
  2156 | D:4      | Reached skill level 3 in Fighting
  2287 | D:4      | Found a glowing drain.
  2288 | D:4      | 2288 ||| READING scroll labelled PIMOUPN OQIMAK.
  2316 | Sewer    | Entered a sewer
  2352 | Sewer    | 2352 ||| Stepping ~*~*~tactically~*~*~ (water).
  2382 | Sewer    | HP: 8/32 [river rat (4)]
  2383 | Sewer    | 2383 ||| DRINKING potion of heal wounds.
  2388 | Sewer    | Reached XP level 6. HP: 33/37 MP: 7/7
  2428 | Sewer    | 2428 ||| Stepping ~*~*~tactically~*~*~ (water).
  2450 | Sewer    | 2450 ||| Stepping ~*~*~tactically~*~*~ (water).
  2878 | Sewer    | 2878 ||| UPGRADING to +0 cloak.
  2883 | Sewer    | 2883 ||| READING 2 scrolls labelled EGOQASTR ZYFFOY.
  2884 | Sewer    | 2884 ||| READING scroll of enchant weapon.
  2884 | Sewer    | 2884 ||| ENCHANTING +2 sling.
  2885 | Sewer    | 2885 ||| DROPPING potion of degeneration.
  2908 | D:4      | 2908 ||| PLANNING D:1-11
  2978 | D:5      | Entered Level 5 of the Dungeon
  3008 | D:5      | Reached skill level 6 in Ranged Weapons
  3093 | D:5      | Reached XP level 7. HP: 44/44 MP: 8/8
  3106 | D:5      | Found a sparkling altar of Nemelex Xobeh.
  3200 | D:5      | Noticed Edmund
  3224 | D:5      | HP: 7/44 [Edmund/+3 dire flail of draining (9)]
  3225 | D:5      | HP: 1/44 [Edmund/+3 dire flail of draining (7)]
  3227 | D:5      | Slain by Edmund

Levels and vault maps discovered:
D:1:      dpeg_arrival_simpleton_a, layout_loops_ring, hangedman_feature_mirror,
          minmay_pentomino_q2
D:2:      layout_rooms, serial_shops, shop, shop, shop
D:3:      layout_loops_ring
D:4:      layout_cave_pools, portal_sewer_entry_d, due_unseen_surprise
D:5:      cheibrodos_helix_gallery, layout_cave_pools,
          mainiacjoe_overflow_two_lobes, nemelex_xobeh_ov_fountains_minmay,
          uniq_edmund

Skill      XL: |  1  2  3  4  5  6 |
---------------+-------------------+-----
Ranged Weapons | 3 4 5 6 |  6.5
Fighting       | 2 3 4 |  4.3
Armour         | 1 |  1.0
Dodging        | |  1.5
Spellcasting   | |  1.0
Hexes          | |  2.6

Action                     |  1- 3 |  4- 6 |  7- 9 || total
---------------------------+-------+-------+-------++-------
   Fire: Sling             |   142 |   226 |    65 ||   433
    Use: Scroll            |     6 |     4 |       ||    10
         Potion            |     1 |     2 |       ||     3
 Armour: Robe              |    22 |       |       ||    22
         Ring mail         |       |    84 |    16 ||   100
  Dodge: Dodged            |    40 |    96 |    29 ||   165

Table legend:
 A = Non-vault XP
 B = Vault XP
 C = Vault XP percentage of total XP
 D = Non-vault monster count
 E = Vault monster count
 F = Vault count percentage of total count
                 A         B        C        D         E       F
            +---------+---------+-------+---------+---------+-------
      Total |     564 |     209 |  27.0 |      71 |      30 |  29.7
            +---------+---------+-------+---------+---------+-------
        D:1 |      28 |       7 |  20.0 |      17 |       3 |  15.0
        D:2 |      18 |       0 |   0.0 |      11 |       0 |   0.0
        D:3 |      45 |       0 |   0.0 |      23 |       0 |   0.0
        D:4 |     175 |      13 |   6.9 |      13 |       1 |   7.1
        D:5 |     298 |      45 |  13.1 |       7 |       2 |  22.2
      Sewer |       0 |     144 | 100.0 |       0 |      24 | 100.0
            +---------+---------+-------+---------+---------+-------
